 Dungeon Crawl Stone Soup version 0.29-a0-344-ge2f44be95a (webtiles) character file.

Game seed: 12411498133788803640

3602 enile the Sneak (level 10, -1/71 HPs)
             Began as an Octopode Transmuter on Apr 22, 2022.
             Was a Believer of Ru.
             Slain by a gnoll sergeant
             ... wielding a +0 glaive
              (12 damage)
             ... in a bailey.
             The game lasted 00:25:17 (13640 turns).

enile the Sneak (Octopode Transmuter)              Turns: 13640, Time: 00:25:18

Health: -1/71      AC:  1    Str: 11 (12) XL:     10   Next: 10%
Magic:  10/16      EV: 15    Int: 17 (18) God:    Ru [**....]
Gold:   378        SH:  0    Dex: 12 (14) Spells: 14/17 levels left

rFire   . . .      SeeInvis .   f - +1 dagger (speed)
rCold   . . .      Faith    .   (no shield)
rNeg    . . .      Spirit   .   (helmet restricted)
rPois   .          Reflect  .   (no amulet)
rElec   .          Harm     .   (no ring)
rCorr   .          Rampage  .   (no ring)
Will    .....                   (no ring)
Stlth   ++++......              (no ring)
HPRegen 0.21/turn               (no ring)
MPRegen 0.15/turn               (no ring)
                                (no ring)
                                (no ring)

@: brilliant
A: almost no armour, amphibious, 8 rings, camouflage 1, gelatinous body 1,
inability to use devices, (nimble swimmer 1), tentacles, strong 1
a: Renounce Religion


You were in a bailey.
You worshipped Ru.
Ru was pleased with you.
You visited 1 branch of the dungeon, and saw 8 of its levels.
You also visited: Sewer and Bailey.

You collected 412 gold pieces.
You donated 34 gold pieces to Zin.

Inventory:

Hand Weapons
 a - a +0 dagger
 f - a +1 dagger of speed (weapon)
 h - a +0 halberd
 o - a +0 vorpal hand axe
 r - a +0 vorpal shortbow
 u - a +0 falchion
Missiles
 i - 51 poisoned darts (quivered)
Jewellery
 t - an amulet of faith
Scrolls
 b - 2 scrolls of torment
 g - 4 scrolls of noise
 q - a scroll of amnesia
 s - a scroll of vulnerability
Potions
 m - 2 potions of attraction


   Skills:
 - Level 7.0 Fighting
 - Level 6.0 Short Blades
 + Level 1.2 Throwing
 - Level 7.0 Dodging
 - Level 7.0 Stealth
 - Level 3.3 Unarmed Combat
 - Level 4.0 Spellcasting
 - Level 2.3 Transmutations
 - Level 5.0 Poison Magic
 - Level 1.8 Invocations


You had 14 spell levels left.
You knew the following spells:

 Your Spells              Type           Power      Damage    Failure   Level
a - Beastly Appendage     Tmut           34%        N/A       6%          1
b - Poisonous Vapours     Pois/Air       34%        N/A       9%          2

Your spell library contained the following spells:

 Spells                   Type           Power      Damage    Failure   Level
 Wereblood                Tmut           17%        N/A       9%          2
 Spider Form              Tmut/Pois      23%        N/A       11%         3
 Corpse Rot               Necr/Air       10%        N/A       24%         2
 Ice Form                 Ice/Tmut       11%        N/A       67%         4


Dungeon Overview and Level Annotations

Branches:
Dungeon (8/15)             Temple (0/1) D:5           Sewer (visited)
 Bailey (1/1)
   Lair: D:8-11

Altars:
Elyvilon
Kikubaaqudgha
Makhleb
Ru
Sif Muna
Wu Jian
Xom
Yredelemnul
Zin

Shops:
D:7 *

Annotations:
D:4 2 runed translucent doors
D:6 Edmund, Maggie


Innate Abilities, Weirdness & Mutations

You cannot wear most types of armour.
You are amphibious.
You can wear up to eight rings at the same time.
Your skin changes colour to match your surroundings (Stealth+).
Your rubbery body absorbs attacks. (AC +1, EV +1)
You cannot study or use magical devices.
((You are camouflaged when in or above water. (Stealth+)))
You have tentacles for arms and can constrict up to eight enemies at once.
Your muscles are strong. (Str +2)


Message History

The gnoll sergeant hits you from afar with a +0 glaive!
Okay, then.
You cannot evoke magical items.
Casting: Poisonous Vapours (safe; 8% risk of failure)
Confirm with . or Enter, or press ? or * to list all spells.
Okay, then.
It was a potion of degeneration.
There was something very wrong with that liquid.
You feel weakened.
You feel dopey.
You feel clumsy. The gnoll sergeant misses you.
It was a potion of brilliance.
You feel clever all of a sudden.
The gnoll sergeant hits you from afar with a +0 glaive!
You focus your inner power and illuminate the gnoll sergeant in retribution!
Casting: Poisonous Vapours (safe; 9% risk of failure)
Confirm with . or Enter, or press ? or * to list all spells.
Okay, then.
The gnoll sergeant hits you with a +0 glaive!
* * * LOW HITPOINT WARNING * * *
Your magical contamination has completely faded away.
You hit the gnoll sergeant but do no damage.
You grab the gnoll sergeant.
You squeeze the gnoll sergeant, but do no damage.
The gnoll sergeant is lightly wounded.
You constrict the gnoll sergeant, but do no damage.
The gnoll sergeant closely misses you.
You hit the gnoll sergeant but do no damage.
The gnoll sergeant is lightly wounded.
You constrict the gnoll sergeant, but do no damage.
You hit the gnoll sergeant but do no damage.
You squeeze the gnoll sergeant.
The gnoll sergeant is moderately wounded.
You constrict the gnoll sergeant.
The gnoll sergeant hits you with a +0 glaive!
* * * LOW HITPOINT WARNING * * *
Okay, then.
You release your grip on the gnoll sergeant.
The gnoll sergeant attacks as you move away!
The gnoll sergeant hits you with a +0 glaive!
You die...

### ♣∩♣ ♣@♣ ♣♣g♣♣
♣♣♣♣.(.♣♣
♣♣.......♣♣♣♣
♣♣♣...........♣♣♣
♣♣.......[.......♣♣
♣≈≈≈≈≈≈≈.(.≈≈≈≈≈≈≈♣
≈≈...............≈≈
≈.................≈


You could see a gnoll sergeant (corona).

Vanquished Creatures
  Pikel (D:4)
  Grinder (D:4)
  An acid dragon (D:5)
  2 black bears
  2 ice beasts (D:7)
  An ogre (D:5)
  3 centaurs
  A phantom (D:4)
  8 kobold brigands
  4 lemures (D:4)
  3 bullfrogs
  4 scorpions
  4 killer bees (D:7)
  2 howler monkeys
  6 hounds
  A jelly (D:5)
  3 orc priests
  3 iron imps (D:3)
  2 iguanas
  5 orc wizards
  10 gnolls
  5 adders
  3 river rats
  3 shadow imps (D:5)
  A white imp (D:6)
  2 ufetubi
  5 worms
  2 dart slugs
  21 orcs
  6 bats
  7 endoplasms
  3 giant cockroaches
  5 goblins
  5 hobgoblins
  6 jackals
  17 kobolds
  3 quokkas
  6 ball pythons
  4 frilled lizards
  7 rats
178 creatures vanquished.

Vanquished Creatures (others)
  4 toadstools (D:1)
  5 withered plants (D:7)
9 creatures vanquished.

Grand Total: 187 creatures vanquished

Notes
Turn   | Place    | Note
-------+----------+-------------------------------------------
     0 | D:1      | enile the Octopode Transmuter began the quest for the Orb.
     0 | D:1      | Reached XP level 1. HP: 13/13 MP: 3/3
   245 | D:1      | Reached XP level 2. HP: 18/18 MP: 5/5
   385 | D:1      | Found a faded altar of an unknown god.
   436 | D:1      | Prayed at the altar of an unknown god.
   436 | D:1      | Became a worshipper of Zin the Law-Giver
   436 | D:1      | Reached * piety under Zin
   912 | D:2      | Reached XP level 3. HP: 19/23 MP: 6/6
  1689 | D:2      | Reached XP level 4. HP: 29/29 MP: 7/7
  2101 | D:3      | Reached ** piety under Zin
  2274 | D:3      | Learned a level 2 spell: Poisonous Vapours
  2312 | D:3      | Found a glowing drain.
  2316 | Sewer    | Entered a sewer
  2505 | Sewer    | Noticed a kobold brigand
  2513 | Sewer    | Killed a kobold brigand
  2514 | Sewer    | Reached XP level 5. HP: 36/36 MP: 8/8
  2542 | Sewer    | Noticed a kobold brigand
  2553 | Sewer    | Killed a kobold brigand
  2554 | Sewer    | Reached skill level 5 in Stealth
  2554 | Sewer    | Reached XP level 6. HP: 26/42 MP: 9/9
  3230 | Sewer    | Reached skill level 5 in Fighting
  3230 | Sewer    | Reached XP level 7. HP: 18/50 MP: 10/10
  4229 | D:3      | Found a white marble altar of Elyvilon.
  4319 | D:3      | Found a burning altar of Makhleb.
  4338 | D:3      | Reached skill level 5 in Dodging
  4349 | D:3      | Reached skill level 1 in Short Blades
  5020 | D:4      | Reached *** piety under Zin
  5072 | D:4      | Noticed Grinder
  5086 | D:4      | Killed Grinder
  5087 | D:4      | Reached XP level 8. HP: 47/55 MP: 10/12
  5138 | D:4      | Noticed Pikel
  5792 | D:4      | Found a shimmering altar of Xom.
  5969 | D:4      | Found a large runed translucent door.
  5970 | D:4      | Found a large runed translucent door.
  7310 | D:4      | Killed Pikel
  7311 | D:4      | Reached skill level 5 in Poison Magic
  7584 | D:5      | Entered Level 5 of the Dungeon
  7599 | D:5      | Reached XP level 9. HP: 62/62 MP: 15/15
  9002 | D:5      | Found a sacrificial altar of Ru.
  9016 | D:5      | Reached **** piety under Zin
  9268 | D:5      | Found an ornate altar of the Wu Jian Council.
  9421 | D:5      | Fell from the grace of Zin
  9421 | D:5      | Became a worshipper of Ru the Awakened
  9669 | D:5      | Found a staircase to the Ecumenical Temple.
 10000 | D:5      | Reached skill level 1 in Invocations
 10488 | D:6      | Noticed Maggie
 11005 | D:6      | Gained mutation: Your muscles are strong. (Str +2) [potion
                  | of mutation]
 11344 | D:6      | Noticed Edmund
 11795 | D:7      | Gained mutation: You cannot study or use magical devices.
                  | [Ru sacrifice]
 11795 | D:7      | Reached * piety under Ru
 11795 | D:7      | Reached ** piety under Ru
 11974 | D:7      | Found an ancient bone altar of Kikubaaqudgha.
 12217 | D:7      | Found Rahups's Fire Supplies.
 12458 | D:7      | Found a shimmering blue altar of Sif Muna.
 12550 | D:7      | Reached skill level 5 in Short Blades
 12622 | D:7      | Found a basalt altar of Yredelemnul.
 12688 | D:7      | Reached XP level 10. HP: 71/71 MP: 16/16
 13245 | D:8      | Found a flagged portal.
 13252 | Bailey   | Entered a bailey
 13367 | Bailey   | Reached skill level 1 in Throwing
 13640 | Bailey   | Slain by a gnoll sergeant

Illustrated notes

Levels and vault maps discovered:
D:1:      ldierk_water_garden, layout_rooms, chequers_ecumenical_altar_simple,
          serial_bayou_ford_a
D:2:      layout_rooms, kennysheep_generic_room_14
D:3:      layout_basic, demons_altar, lemuel_doored_altar, gup_sewer_entry_bowl
D:4:      layout_basic, general_overflow_altar, jmf_multi_god_temple2,
          serial_curves, eino_curves_04, eino_curves_01, st_stairs_9,
          uniq_grinder, uniq_pikel
D:5:      layout_basic, nicolae_wu_jian_wuxing_cycle, amcnicky_altar_gilded,
          minmay_temple_entry_antechambers, st_stairs_9
D:6:      layout_gridville, minmay_misc_feat_ornament, uniq_maggie, uniq_edmund
D:7:      layout_basic, kiku_gazebo_garden_becter,
          mainiacjoe_overflow_surrounded_room, mainiacjoe_overflow_alcove_2,
          serial_corexii_hall, corexii_hall_statues_s, corexii_hall_statues_t,
          minmay_misc_feat_pillars, eino_small_chamber_without_monster,
          nicolae_shop_fire_sale [nicolae_sub_dead_trees]
D:8:      cheibrodos_steamvent, layout_cave_pods, kennysheep_mini,
          nemelex_spade_bored_becter, mainiacjoe_overflow_tiny_flanked,
          enter_bailey_5, hangedman_abyss_or_decor_jellyfish_corner
Bailey:   bailey_polearm_gnolls_kennysheep, bailey

Skill      XL: |  1  2  3  4  5  6  7  8  9 10 |
---------------+-------------------------------+-----
Fighting       | 2 3 5 7 |  7.0
Dodging        | 3 5 7 |  7.0
Stealth        | 3 5 7 |  7.0
Short Blades   | 2 5 6 |  6.0
Poison Magic   | 3 5 |  5.0
Spellcasting   | 4 |  4.0
Invocations    | 1 |  1.8
Throwing       | 1 |  1.2
Unarmed Combat | |  3.3
Transmutations | |  2.3

Action                   |  1- 3 |  4- 6 |  7- 9 | 10-12 || total
-------------------------+-------+-------+-------+-------++-------
Melee: Unarmed           |    21 |       |       |       ||    21
       Constrict         |    22 |    23 |    70 |    11 ||   126
       Kick              |     3 |       |    25 |     4 ||    32
       Tentacles         |    14 |    27 |    92 |    23 ||   156
       Dagger            |    63 |    95 |   368 |    76 ||   602
       Punch             |     1 |     4 |    17 |     4 ||    26
Throw: Javelin           |    11 |     7 |    10 |     2 ||    30
       Dart              |       |    18 |    41 |     3 ||    62
       Throwing net      |       |       |       |     1 ||     1
 Cast: Beastly Appendage |     3 |       |    14 |     1 ||    18
       Poisonous Vapours |       |       |    32 |    14 ||    46
Invok: Recite            |       |     1 |     3 |       ||     4
       Vitalisation      |       |       |     1 |       ||     1
       Sacrifice Artific |       |       |     1 |       ||     1
  Use: Potion            |     3 |     1 |     4 |     3 ||    11
       Scroll            |     3 |     2 |    11 |     1 ||    17
 Stab: Sleeping          |     2 |     3 |    20 |     1 ||    26
       Distracted        |       |       |     1 |       ||     1
       Confused          |       |       |     1 |       ||     1
Armor: Skin              |    19 |     5 |    16 |     2 ||    42
Dodge: Dodged            |    60 |    51 |   187 |    49 ||   347

Table legend: (Time is in decaauts)
 A = Elapsed time spent in this place.
 B = Non-inter-level travel time spent in this place.
 C = Inter-level travel time spent in this place.
 D = Time resting spent in this place.
 E = Time spent auto-exploring this place.
 F = Levels seen in this place.
 G = Mean time per level.
                   A        B        C        D        E       F      G
               +--------+--------+--------+--------+--------+-----+--------+
         Total |  13435 |  13117 |    318 |   2603 |   8518 |  10 | 1343.5 |
       Dungeon |  11416 |  11098 |    318 |   2546 |   6951 |   8 | 1427.0 |
         Sewer |   1651 |   1651 |      0 |      0 |   1373 |   1 | 1651.0 |
        Bailey |    367 |    367 |      0 |     57 |    194 |   1 |  367.0 |
               +--------+--------+--------+--------+--------+-----+--------+

Top non-repeatable levels by time:
     D:4: 2638 daAuts
     D:7: 2127 daAuts
     D:5: 1950 daAuts
   Sewer: 1651 daAuts
     D:3: 1626 daAuts
     D:6: 1110 daAuts
     D:2: 1027 daAuts
     D:1: 897 daAuts
  Bailey: 367 daAuts
     D:8: 39 daAuts
